2486 views
Uploaded 2021-08-24 06:06:38
Game version 1.32.10
34:40 long 1on1 ladder game on (2)EchoIsles
Saved by aom
2486 views
Uploaded 2021-08-24 06:06:38
Game version 1.32.10
34:40 long 1on1 ladder game on (2)EchoIsles

71 units @ 11.6k
/ 1.8k
30 buildings @ 3k
/ 1.3k


| Ivory Tower | 2 | 80 |
| Scroll of Healing | 3 | 750 |
| Potion of Lesser Invulnerability | 7 | 1050 |
| total: | 12 | 1880g |
| Peasant | 10 | 750 | / | 0 |
| Footman | 9 | 1215 | / | 0 |
| Priest | 25 | 3375 | / | 250 |
| Knight | 19 | 4655 | / | 1140 |
| Rifleman | 1 | 205 | / | 30 |
| Siege Engine | 7 | 1365 | / | 420 |
| total: | 71 | 11565g | / | 1840w |
| Scout Tower | 9 | 270 | / | 180 |
| Guard Tower | 10 | 700 | / | 500 |
| Lumber Mill | 1 | 120 | / | 0 |
| Farm | 12 | 960 | / | 240 |
| Altar of Kings | 1 | 180 | / | 50 |
| Barracks | 1 | 160 | / | 60 |
| Arcane Vault | 1 | 130 | / | 30 |
| Blacksmith | 1 | 140 | / | 60 |
| Town Hall | 2 | 770 | / | 410 |
| Arcane Sanctum | 1 | 150 | / | 140 |
| Workshop | 1 | 140 | / | 140 |
| Keep | 1 | 320 | / | 210 |
| Castle | 1 | 360 | / | 210 |
| total: | 30 | 3020g | / | 1310w |
| 0:02 | Peasant |
| 0:02 | Peasant |
| 0:02 | Peasant |
| 0:02 | Peasant |
| 0:02 | Peasant |
| 0:03 | Peasant |
| 0:22 | Lumber Mill |
| 0:24 | Peasant |
| 0:34 | Farm |
| 0:49 | Altar of Kings |
| 1:05 | Barracks |
| 1:12 | Farm |
| 1:19 | Peasant |
| 1:55 | Scout Tower |
| 1:57 | Farm |
| 2:06 | Footman |
| 2:06 | Footman |
| 2:10 | Scout Tower |
| 2:11 | Footman |
| 2:22 | Scout Tower |
| 2:24 | Guard Tower |
| 2:34 | Farm |
| 2:38 | Scout Tower |
| 2:46 | Guard Tower |
| 2:52 | Storm Bolt |
| 3:03 | Footman |
| 3:05 | Guard Tower |
| 3:15 | Guard Tower |
| 3:20 | Farm |
| 3:26 | Footman |
| 3:43 | Footman |
| 3:54 | Footman |
| 4:03 | Bash |
| 4:24 | Keep |
| 4:42 | Footman |
| 4:56 | Footman |
| 5:06 | Improved Masonry |
| 5:21 | Arcane Vault |
| 5:32 | Blacksmith |
| 5:35 | Storm Bolt |
| 6:39 | Farm |
| 6:50 | Castle |
| 6:52 | Advanced Masonry |
| 6:52 | Improved Lumber Harvesting |
| 7:22 | Potion of Lesser Invulnerability |
| 7:22 | Scroll of Healing |
| 7:28 | Farm |
| 7:43 | Arcane Sanctum |
| 7:48 | Ivory Tower |
| 7:48 | Ivory Tower |
| 7:51 | Holy Light |
| 8:37 | Priest |
| 8:37 | Priest |
| 8:37 | Priest |
| 8:41 | Priest Adept Training |
| 8:46 | Workshop |
| 9:04 | Farm |
| 9:06 | Black Gunpowder |
| 9:19 | Priest |
| 9:31 | Barrage |
| 9:58 | Bash |
| 10:07 | Knight |
| 10:07 | Knight |
| 10:12 | Farm |
| 10:30 | Siege Engine |
| 10:56 | Priest Master Training |
| 10:56 | Priest |
| 10:59 | Farm |
| 11:33 | Divine Shield |
| 11:47 | Siege Engine |
| 11:50 | Priest |
| 11:54 | Farm |
| 12:28 | Knight |
| 12:44 | Potion of Lesser Invulnerability |
| 12:57 | Iron Forged Swords |
| 13:44 | Knight |
| 13:46 | Priest |
| 14:14 | Priest |
| 14:14 | Priest |
| 14:36 | Priest |
| 14:40 | Farm |
| 15:17 | Knight |
| 15:58 | Holy Light |
| 16:15 | Knight |
| 16:15 | Knight |
| 16:16 | Priest |
| 16:37 | Potion of Lesser Invulnerability |
| 16:38 | Scroll of Healing |
| 16:56 | Iron Plating |
| 17:00 | Priest |
| 17:52 | Town Hall |
| 18:09 | Scout Tower |
| 18:25 | Guard Tower |
| 18:44 | Potion of Lesser Invulnerability |
| 18:48 | Guard Tower |
| 19:16 | Priest |
| 19:17 | Priest |
| 19:17 | Priest |
| 19:24 | Storm Bolt |
| 19:48 | Town Hall |
| 19:55 | Priest |
| 20:08 | Scout Tower |
| 20:19 | Knight |
| 20:34 | Scout Tower |
| 20:36 | Guard Tower |
| 20:48 | Knight |
| 21:01 | Guard Tower |
| 21:16 | Scout Tower |
| 21:21 | Peasant |
| 21:21 | Peasant |
| 21:36 | Knight |
| 21:42 | Guard Tower |
| 21:44 | Scout Tower |
| 21:58 | Siege Engine |
| 22:08 | Potion of Lesser Invulnerability |
| 22:16 | Siege Engine |
| 22:30 | Priest |
| 23:14 | Divine Shield |
| 23:48 | Knight |
| 23:48 | Knight |
| 23:49 | Knight |
| 23:50 | Rifleman |
| 23:53 | Priest |
| 23:54 | Priest |
| 23:54 | Priest |
| 24:11 | Siege Engine |
| 24:32 | Potion of Lesser Invulnerability |
| 24:48 | Guard Tower |
| 24:56 | Priest |
| 25:51 | Knight |
| 25:51 | Knight |
| 25:55 | Studded Leather Armor |
| 26:12 | Scroll of Healing |
| 26:35 | Potion of Lesser Invulnerability |
| 27:15 | Priest |
| 27:15 | Priest |
| 27:25 | Imbued Masonry |
| 27:50 | Priest |
| 27:50 | Priest |
| 28:44 | Knight |
| 28:51 | Siege Engine |
| 29:30 | Knight |
| 30:37 | Knight |
| 30:52 | Knight |
| 31:27 | Siege Engine |
| 33:08 | Avatar |
| Right click | 767 |
| Select | 530 |
| Build/train/purchase | 142 |
| Use ability | 60 |
| Item give/drop | 9 |
| Remove unit | 4 |
| Chat | 3 |
28 units @ 4.2k
/ 0.5k
27 buildings @ 3.7k
/ 2.2k



| Rod of Necromancy | 3 | 450 |
| Ritual Dagger | 2 | 250 |
| Scroll of Healing | 1 | 250 |
| Scroll of Town Portal | 1 | 350 |
| Circlet of Nobility | 1 | 175 |
| Potion of Lesser Invulnerability | 1 | 150 |
| Scroll of Protection | 1 | 150 |
| Ring of Regeneration | 2 | 600 |
| Ring of Protection +4 | 1 | 300 |
| total: | 13 | 2675g |
| Acolyte | 8 | 600 | / | 0 |
| Ghoul | 7 | 840 | / | 0 |
| Crypt Fiend | 1 | 215 | / | 40 |
| Obsidian Statue | 2 | 400 | / | 70 |
| Meat Wagon | 2 | 460 | / | 100 |
| Abomination | 3 | 720 | / | 210 |
| Gargoyle | 1 | 175 | / | 30 |
| Forest Troll Shadow Priest | 2 | 390 | / | 20 |
| Forest Troll Berserker | 1 | 245 | / | 30 |
| Mud Golem | 1 | 145 | / | 10 |
| total: | 28 | 4190g | / | 510w |
| Nerubian Tower | 3 | 300 | / | 60 |
| Spirit Tower | 1 | 145 | / | 40 |
| Altar of Darkness | 1 | 180 | / | 50 |
| Ziggurat | 8 | 1200 | / | 400 |
| Crypt | 1 | 200 | / | 50 |
| Tomb of Relics | 2 | 260 | / | 60 |
| Graveyard | 3 | 645 | / | 0 |
| Necropolis | 1 | 225 | / | 0 |
| Sacrificial Pit | 9 | 675 | / | 1350 |
| Slaughterhouse | 2 | 280 | / | 270 |
| Halls of the Dead | 1 | 320 | / | 210 |
| Black Citadel | 1 | 325 | / | 230 |
| total: | 27 | 3665g | / | 2180w |
| 0:03 | Acolyte |
| 0:07 | Altar of Darkness |
| 0:11 | Ziggurat |
| 0:19 | Acolyte |
| 0:41 | Crypt |
| 1:00 | Tomb of Relics |
| 1:15 | Ziggurat |
| 1:48 | Ghoul |
| 2:02 | Ghoul |
| 2:07 | Rod of Necromancy |
| 2:09 | Death Coil |
| 2:29 | Ghoul |
| 2:59 | Halls of the Dead |
| 3:10 | Ghoul |
| 3:10 | Ghoul |
| 3:13 | Cannibalize |
| 3:13 | Ghoul |
| 3:14 | Ghoul |
| 3:46 | Graveyard |
| 3:49 | Graveyard |
| 4:02 | Unholy Aura |
| 4:22 | Ziggurat |
| 4:29 | Forest Troll Shadow Priest |
| 4:43 | Ziggurat |
| 4:46 | Graveyard |
| 5:06 | Forest Troll Berserker |
| 5:14 | Unholy Strength |
| 5:32 | Circlet of Nobility |
| 6:13 | Crypt Fiend |
| 6:22 | Death Coil |
| 6:53 | Forest Troll Shadow Priest |
| 7:09 | Breath of Fire |
| 7:40 | Mud Golem |
| 7:42 | Black Citadel |
| 7:45 | Sacrificial Pit |
| 8:06 | Nerubian Tower |
| 8:37 | Slaughterhouse |
| 8:38 | Slaughterhouse |
| 8:41 | Ziggurat |
| 8:50 | Ritual Dagger |
| 9:05 | Rod of Necromancy |
| 9:37 | Ring of Regeneration |
| 10:00 | Obsidian Statue |
| 10:12 | Potion of Lesser Invulnerability |
| 10:18 | Acolyte |
| 10:46 | Unholy Armor |
| 10:48 | Disease Cloud |
| 11:20 | Rain of Fire |
| 11:28 | Nerubian Tower |
| 11:33 | Unholy Aura |
| 12:24 | Meat Wagon |
| 12:53 | Sacrificial Pit |
| 12:54 | Sacrificial Pit |
| 12:56 | Sacrificial Pit |
| 12:57 | Sacrificial Pit |
| 13:12 | Sacrificial Pit |
| 13:49 | Cleaving Attack |
| 13:53 | Drunken Brawler |
| 14:27 | Rod of Necromancy |
| 14:28 | Ritual Dagger |
| 14:43 | Abomination |
| 15:42 | Improved Unholy Strength |
| 15:55 | Acolyte |
| 15:56 | Acolyte |
| 17:12 | Necropolis |
| 17:54 | Destroyer Form |
| 18:06 | Ring of Regeneration |
| 18:11 | Ring of Protection +4 |
| 18:26 | Ziggurat |
| 19:52 | Ghoul Frenzy |
| 19:56 | Rain of Fire |
| 20:03 | Scroll of Healing |
| 20:06 | Scroll of Protection |
| 20:10 | Acolyte |
| 20:13 | Acolyte |
| 20:47 | Abomination |
| 21:30 | Obsidian Statue |
| 21:32 | Acolyte |
| 22:26 | Abomination |
| 22:29 | Breath of Fire |
| 22:32 | Nerubian Tower |
| 24:02 | Tomb of Relics |
| 24:04 | Ziggurat |
| 24:30 | Sacrificial Pit |
| 24:32 | Sacrificial Pit |
| 25:25 | Spirit Tower |
| 25:29 | Sacrificial Pit |
| 25:35 | Ziggurat |
| 26:14 | Meat Wagon |
| 26:38 | Scroll of Town Portal |
| 27:08 | Death Coil |
| 27:54 | Cleaving Attack |
| 28:57 | Gargoyle |
| 29:50 | Drunken Brawler |
| 30:40 | Advanced Unholy Strength |
| 32:44 | Unholy Aura |
| 34:05 | Breath of Fire |
| Select group | 2681 |
| Right click | 1462 |
| Select | 1031 |
| Misc. action | 204 |
| Build/train/purchase | 114 |
| Use ability | 70 |
| Assign group | 50 |
| Chat | 17 |
| Item give/drop | 8 |
| Remove unit | 1 |